 Dungeon Crawl Stone Soup version 0.18-a0-1468-gaf180a1 (webtiles) character file.

562 Duffy the Chopper (level 7, -2/60 HPs)
             Began as a Naga Gladiator on Mar 2, 2016.
             Killed from afar by namelastname112's ghost (17 damage)
             ... with a bolt of negative energy
             ... on level 4 of the Dungeon.
             The game lasted 00:05:20 (3496 turns).

Duffy the Chopper (Naga Gladiator)                  Turns: 3496, Time: 00:05:20

Health: -2/60      AC: 11    Str: 19    XL:     7   Next: 32%
Magic:  2/2        EV:  7    Int: 12    God:
Gold:   132        SH:  0    Dex: 15    Spells: 0 memorised, 6 levels left

rFire  + + .     SeeInvis +     x - +7 trident "Zeoppuag" {antimagic, Int+4 Dex+3}
rCold  . . .     Gourm    .     w - +0 leather armour (curse)
rNeg   . . .     Faith    .     (no shield)
rPois  +         Spirit   .     c - +0 helmet
rElec  .         Dismiss  .     b - +0 cloak
rCorr  .         Reflect  .     (no gloves)
SustAt .         Harm     .     i - +1 naga barding
MR     .....                    (no amulet)
Stlth  +.........               y - ring of protection from fire
                                s - ring of protection from fire

@: heavily drained, very slow, not resistant to hostile enchantments, very
unstealthy
A: see invisible, deformed body, poison resistance, slowness 2, slow metabolism
1, spit poison 2, AC +2
a: Spit Poison


You were on level 4 of the Dungeon.
You were not hungry.

You visited 1 branch of the dungeon, and saw 4 of its levels.

You collected 132 gold pieces.


Innate Abilities, Weirdness & Mutations

You cannot wear boots.
Your serpentine skin is tough (AC +2).
You have supernaturally acute eyesight.
Armour fits poorly on your strangely shaped body.
Your system is resistant to poisons.
You cover ground very slowly.
You have a slow metabolism.
You can spit poison.


   Skills:
 - Level 2.0(0.6) Fighting
 + Level 7.6(6.0) Axes
 - Level 1.7(0.4) Throwing
 - Level 2.2(0.8) Armour
 - Level 2.4(1.0) Dodging


You had 6 spell levels left.
You didn't know any spells.

Inventory:

Hand Weapons
 a - a +1 war axe
 q - a +0 battleaxe
 x - the +7 trident "Zeoppuag" (weapon) {antimagic, Int+4 Dex+3}

   It disrupts the flow of magical energy around spellcasters and certain
   magical creatures (including the wielder).
   It affects your intelligence (+4).
   It affects your dexterity (+3).
Missiles
 d - 3 throwing nets (quivered)
Armour
 b - a +0 cloak (worn)
 c - a +0 helmet (worn)
 i - a +1 naga barding (worn)
 n - a +0 ring mail
 w - a cursed +0 leather armour (worn)
Jewellery
 s - a ring of protection from fire (left hand)
 y - a ring of protection from fire (right hand)
Scrolls
 g - a scroll of teleportation {unknown}
 h - 5 scrolls of remove curse
 l - a scroll of immolation
 m - a scroll of recharging
 o - 3 scrolls of enchant weapon
 r - 2 scrolls of magic mapping
 t - a scroll of fog
 u - a scroll of fear
Potions
 e - 4 potions of lignification {unknown}
 j - a potion of heal wounds {unknown}
 k - a potion of brilliance {unknown}
 p - a potion of curing {unknown}
 z - a potion of mutation {unknown}
Comestibles
 f - 3 bread rations

Dungeon Overview and Level Annotations

Branches:
Dungeon (4/15)             Temple (0/1) D:4

Altars:
Kikubaaqudgha
Nemelex Xobeh
Trog

Annotations:
D:4 namelastname112's ghost, novice DrMo


Message History

You puncture Edmund!
Edmund is almost dead.
Edmund barely misses you.
You closely miss Edmund.
Edmund is almost dead.
You have got your breath back.
Edmund hits you with a flail of draining.
You feel drained.
You puncture Edmund!
You kill Edmund!
Namelastname112's ghost hits you.
You puncture namelastname112's ghost!
Namelastname112's ghost is lightly damaged.
Namelastname112's ghost lets out a mournful wail.
Namelastname112's ghost hits you but does no damage.
You puncture namelastname112's ghost!
Namelastname112's ghost is moderately damaged.
Namelastname112's ghost hits you!
You barely miss namelastname112's ghost.
Namelastname112's ghost is moderately damaged.
Namelastname112's ghost hits you.
You barely miss namelastname112's ghost.
Namelastname112's ghost is moderately damaged.
Namelastname112's ghost shrieks, "There is no future for me!"
Namelastname112's ghost breathes negative energy at you.
The bolt of negative energy hits you!
You feel drained.
You are too injured to fight recklessly!
You are too injured to fight recklessly!
Read which item? (? for menu, Esc to quit)
As you read the scroll labeled VYXOYVV VESA, it crumbles to dust.
The creatures around you are filled with an inner flame!
It was a scroll of immolation.
Namelastname112's ghost breathes negative energy at you.
The bolt of negative energy hits you!
You feel drained.
You die...

#...~~~~~~~~~~~~~...........
#..~~~~~~~~~~~~~~~........##
#..~~~~~~...~~~~~~.......##
#..~~~~~~.>.~~~~~~......##
#..~~~~~~...~~~~~~..#####
#...~~~~~~~~~~~~~...#
##.....~~~~~~~~~.....# #
##........~~~~~.......#
#####
##........[...@........#
#.>..
#..##########W########.#
##.### #.## #.. #.###..# #.#
.... #.#...#### #.##
.....########...#####. #..#
.............<..........
##.#
.......####..##.######## #.#
....... ##..###.# #.## #..##
#.#


You could see namelastname112's ghost (inner flame).

Action                   |  1- 3 |  4- 6 |  7- 9 || total
-------------------------+-------+-------+-------++-------
Melee: War axe           |    78 |    66 |       ||   144
       Trident           |       |    10 |     9 ||    19
       Battleaxe         |       |     6 |       ||     6
 Abil: Spit Poison       |     7 |    20 |     1 ||    28
  Use: Scroll            |       |     8 |     2 ||    10
  Eat: Chunk             |       |     7 |     1 ||     8

Notes
Turn   | Place    | Note
--------------------------------------------------------------
     0 | D:1      | Duffy the Naga Gladiator began the quest for the Orb.
     0 | D:1      | Reached XP level 1. HP: 19/19 MP: 1/1
     6 | D:1      | Noticed a wolf
     6 | D:1      | Noticed a rime drake
     6 | D:1      | Noticed a polar bear
     7 | D:1      | Noticed a crocodile
   181 | D:1      | Reached XP level 2. HP: 26/26 MP: 2/2
   523 | D:1      | Reached skill level 4 in Axes
   626 | D:1      | Reached XP level 3. HP: 28/32 MP: 3/3
  1131 | D:2      | Noticed Terence
  1135 | D:2      | Killed Terence
  1135 | D:2      | Reached XP level 4. HP: 28/39 MP: 4/4
  1250 | D:2      | Noticed Sigmund
  1286 | D:2      | Killed Sigmund
  1286 | D:2      | Reached skill level 5 in Axes
  1286 | D:2      | Reached skill level 2 in Armour
  1286 | D:2      | Reached XP level 5. HP: 28/45 MP: 5/5
  1286 | D:2      | Reached XP level 6. HP: 32/52 MP: 6/6
  1499 | D:2      | Found an ancient bone altar of Kikubaaqudgha.
  1499 | D:2      | Found a sparkling altar of Nemelex Xobeh.
  1703 | D:2      | Reached skill level 6 in Axes
  3185 | D:4      | Got a jewelled trident
  3186 | D:4      | Identified the +7 trident "Zeoppuag" {antimagic, Int+4 Dex+3} (You found it on level 4 of the Dungeon)
  3210 | D:4      | Found a bloodstained altar of Trog.
  3260 | D:4      | Reached skill level 7 in Axes
  3260 | D:4      | Reached XP level 7. HP: 25/60 MP: 2/7
  3456 | D:4      | Found a staircase to the Ecumenical Temple.
  3485 | D:4      | Noticed Edmund
  3486 | D:4      | Noticed namelastname112's ghost (novice DrMo)
  3491 | D:4      | Killed Edmund
  3496 | D:4      | Killed from afar by namelastname112's ghost

Vault maps used:
D:1:      onia_arrival_zoo_common
D:2:      gammafunk_temple_overflow_wave, first_bread,
          kennysheep_decorative_pillar, uniq_sigmund, uniq_terence
D:4:      temple_pool_b, bloody_trog, uniq_edmund

Vanquished Creatures
  Sigmund Edmund
  An ogre
  A worker ant Terence
  A hound skeleton
  5 gnolls
  4 adders
  A dart slug
  3 giant geckos
  3 orcs
  A ball python
  11 bats
  4 giant cockroaches
  6 hobgoblins
  2 jackals
  2 giant newts
  5 goblins
  A jackal skeleton
  5 kobolds
  3 rats
62 creatures vanquished.
